AoeStats
← DeThLeFf

MegaRandom

503435415Analyzed
1v1 RM · 1mo ago on Aug 31, 2026· 49m 38s· 2 players
Game mode
Random Map
Map size
Tiny (2 player)
Population
200
Speed
Normal
Resources
Standard
Victory
Conquest
Starting age
Dark Age
Ending age
Imperial Age
RankedLock teamsTeams togetherTeam positionsShared explorationLock speedFull tech treeHidden civsTurbo modeCheats
Victory
Defeat
🇩🇪 Spanish · Germany
1435
+18
🇨🇳 Jurchens · China
1478
-18
DeThLeFf
0:29 Loom
8:23 Feudal Age
8:54 Horse Collar
8:47 Man-at-Arms
9:16 Double-Bit Axe
11:28 Horse Collar
16:27 Wheelbarrow
19:11 Castle Age
17:30 Stone Mining
22:40 Bow Saw
22:21 Gold Mining
22:33 Heavy Plow
23:50 Town Watch
25:30 Padded Archer Armor
27:06 Bloodlines
28:39 Scale Barding Armor
28:52 Leather Archer Armor
29:52 Husbandry
31:09 Husbandry
32:32 Scale Barding Armor
32:52 Inquisition
34:46 Chain Barding Armor
38:38 Imperial Age
37:22 Stone Shaft Mining
37:00 Forging
39:47 Iron Casting
39:45 Conscription
40:03 Plate Barding Armor
38:49 Cavalier
42:12 Blast Furnace
41:43 Ring Archer Armor
41:29 Light Cavalry
42:33 Fletching
45:06 Guilds
44:25 Hussar
47:46 Ballistics
47:37 Masonry
48:05 Bodkin Arrow
Mustafa90
0:33 Loom
10:45 Feudal Age
16:04 Castle Age
15:19 Double-Bit Axe
20:34 Elite Skirmisher
22:13 Fletching
23:53 Ballistics
24:00 Bodkin Arrow
24:00 Town Watch
26:27 Bow Saw
26:16 Horse Collar
30:31 Treadmill Crane
32:41 Scale Barding Armor
35:14 Imperial Age
33:31 Wheelbarrow
33:56 Chain Barding Armor
34:39 Bloodlines
34:55 Forging
35:33 Elite Steppe Lancer
37:02 Iron Casting
39:26 Bracer
41:57 Husbandry
43:22 Blast Furnace
45:08 Conscription
46:03 Chemistry
46:07 Heavy Cavalry Archer
Connection lost

Rejoining the realm…

Still unreachable

The connection could not be restored.

Session expired

The server has moved on; the page needs a fresh start.